 Dungeon Crawl Stone Soup version 0.19-a0-1167-g79b6552 (webtiles) character file.

1183 Eeee the Merchant of Misery (level 8, -1/52 HPs)
             Began as a Human Necromancer on Aug 15, 2016.
             Was a Believer of Kikubaaqudgha.
             Killed from afar by an electric eel (7 damage)
             ... with a bolt of electricity
             ... on level 6 of the Dungeon.
             The game lasted 00:12:33 (5469 turns).

Eeee the Merchant of Misery (Human Necromancer)     Turns: 5469, Time: 00:12:33

Health: -1/52      AC:  3    Str:  8    XL:     8   Next: 70%
Magic:  12/15      EV: 12    Int: 17    God:    Kikubaaqudgha [**....]
Gold:   289        SH:  3    Dex: 15    Spells: 4 memorised, 6 levels left

rFire  . . .     SeeInvis +     a - +2 dagger (flame)
rCold  + . .     Gourm    .     g - +0 robe {rC+}
rNeg   . . .     Faith    .     x - +0 buckler
rPois  .         Spirit   .     (no helmet)
rElec  .         Dismiss  .     q - +0 cloak
rCorr  .         Reflect  .     (no gloves)
MR     .....     Harm     .     (no boots)
Stlth  ++........               u - amulet of magic regeneration
                                (no ring)
                                A - ring of see invisible

@: no status effects
A: no striking features
a: Receive Corpses, Renounce Religion


You were on level 6 of the Dungeon.
You worshipped Kikubaaqudgha.
Kikubaaqudgha was pleased with you.
You were not hungry.

You visited 1 branch of the dungeon, and saw 6 of its levels.

You collected 289 gold pieces.

Inventory:

Hand Weapons
 a - a +2 dagger of flaming (weapon)
 k - a +0 whip
 F - a +1 spear of distortion
 K - a +0 dire flail
Missiles
 n - 33 poisoned needles
Armour
 d - a +1 ring mail of poison resistance
 g - a +0 robe of cold resistance (worn)
 q - a +0 cloak (worn)
 x - a +0 buckler (worn)
Jewellery
 u - an amulet of magic regeneration (around neck)
 A - a ring of see invisible (left hand)
Wands
 z - a wand of disintegration (16/24)
 C - a wand of digging (10/24)
Scrolls
 e - 4 scrolls of enchant weapon {unknown}
 h - 2 scrolls of recharging {unknown}
 l - 2 scrolls of noise
 o - 2 scrolls of random uselessness {unknown}
 p - 3 scrolls of blinking {unknown}
 s - a scroll of magic mapping
 v - 3 scrolls of teleportation {unknown}
 w - 2 scrolls of amnesia
 y - 2 scrolls of immolation
 I - a scroll of remove curse {unknown}
Potions
 i - 2 potions of brilliance {unknown}
 j - a potion of heal wounds
 r - 3 potions of haste
 D - a potion of flight {unknown}
 E - 2 potions of curing
 G - 4 potions of lignification {unknown}
 H - a potion of might {unknown}
 J - a potion of cancellation {unknown}
Books
 b - a book of Necromancy

   Spells                             Type                      Level
   a - Pain                           Necromancy                   1
   b - Animate Skeleton               Necromancy                   1
   c - Vampiric Draining              Necromancy                   3
   d - Regeneration                   Charms/Necromancy            3
   e - Animate Dead                   Necromancy                   4
   f - Control Undead                 Necromancy                   4
 B - Kikubaaqudgha's Collected Works on Necromancy
   (Kikubaaqudgha gifted it to you on level 3 of the Dungeon)

   Spells                             Type                      Level
   a - Animate Skeleton               Necromancy                   1
   b - Corpse Rot                     Necromancy                   2
   c - Sublimation of Blood           Necromancy                   2
   d - Vampiric Draining              Necromancy                   3
   e - Control Undead                 Necromancy                   4
Comestibles
 c - 3 bread rations
 f - a fruit
 m - 3 meat rations


   Skills:
 - Level 0.2 Maces & Flails
 - Level 2.0 Dodging
 - Level 2.0 Stealth
 - Level 5.0 Spellcasting
 - Level 0.2 Charms
 * Level 9.3 Necromancy


You had 6 spell levels left.
You knew the following spells:

 Your Spells              Type           Power        Failure   Level  Hunger
a - Pain                  Necr           ####         1%          1    None
b - Vampiric Draining     Necr           #####.....   1%          3    ###....
c - Regeneration          Chrm/Necr      ###.......   12%         3    ###....
d - Control Undead        Necr           #####.....   6%          4    ####...


Dungeon Overview and Level Annotations

Branches:
Dungeon (6/15)
 Temple: D:4-7

Altars:
Elyvilon
Kikubaaqudgha
Nemelex Xobeh
Okawaru
Pakellas
Qazlal
Uskayaw

Shops:
D:4 %


Message History

The electric eel shoots out a bolt of lightning at you!
The bolt of electricity hits you!
Casting: Pain
Confirm with . or Enter, or press ? or * to list all spells.
Aiming: Pain
Press: ? - help, Shift-Dir - straight line, f/p - electric eel
Aim: an electric eel (water, heavily wounded, chance to defeat MR: 89%)
The electric eel writhes in agony!
The electric eel shoots out a bolt of lightning at you!
The bolt of electricity hits you!
* * * LOW HITPOINT WARNING * * *
The electric eel shoots out a bolt of lightning at you!
The bolt of electricity hits you!
* * * LOW HITPOINT WARNING * * *
As you read the scroll of fog, it crumbles to dust.
The scroll dissolves into smoke.
The electric eel shoots out a bolt of lightning at you!
The bolt of electricity hits you!
You die...
Kikubaaqudgha rasps: "You have failed me!
Welcome... death!"

##.#....P#P..#.#
#..P≈P.......#P##
##..≈≈≈≈P.≈≈≈P...#
.P≈≈≈≈≈≈≈≈≈≈≈P..#
≈≈≈≈≈.≈≈≈.≈≈≈≈.# #§;
#≈≈≈#≈)≈#
##§###.###.#####
...#.§§#...#...#..#
.....§§§@§.........#
.....§§§§.....(....##
.............(....(.#####
...................(.....
....#...#...#...#..######
#≈.###.###.###.##### #≈≈
≈; #≈≈≈#≈≈≈ ≈≈≈ .≈≈≈.≈≈≈.
≈≈≈≈≈


You could see an electric eel.

Vanquished Creatures
  An orc warrior (D:6)
  A sky beast (D:5)
  3 ogres
  A scorpion (D:5)
  A howler monkey (D:6)
  A centaur zombie (D:4)
  2 jellies (D:5)
  3 orc priests
  5 orc wizards
  A centaur skeleton (D:4)
  3 worker ants
  A hound skeleton (D:4)
  7 adders
  An ooze (D:2)
  An adder skeleton (D:5)
  A worm (D:4)
  3 dart slugs
  3 giant geckos
  22 orcs
  8 bats
  13 giant cockroaches
  5 hobgoblins
  8 jackals (D:2)
  4 quokkas (D:3)
  A ball python (D:2)
  A giant gecko skeleton (D:5)
  3 giant newts
  6 goblins
  7 kobolds
  A quokka skeleton (D:4)
  5 rats
123 creatures vanquished.

Vanquished Creatures (others)
  A human (D:3)
  An orc (D:6)
  A plant (D:6)
3 creatures vanquished.

Grand Total: 126 creatures vanquished

Notes
Turn   | Place    | Note
-------+----------+-------------------------------------------
     0 | D:1      | Eeee the Human Necromancer began the quest for the Orb.
     0 | D:1      | Reached XP level 1. HP: 13/13 MP: 3/3
   270 | D:1      | Reached XP level 2. HP: 9/19 MP: 0/5
  1309 | D:2      | Reached XP level 3. HP: 14/24 MP: 0/6
  1374 | D:2      | Learned a level 3 spell: Vampiric Draining
  1600 | D:2      | Reached skill level 5 in Necromancy
  1940 | D:2      | Reached XP level 4. HP: 27/30 MP: 2/7
  2177 | D:2      | Learned a level 3 spell: Regeneration
  2434 | D:3      | Found an ancient bone altar of Kikubaaqudgha.
  2437 | D:3      | Noticed a human
  2438 | D:3      | Killed a human
  2458 | D:3      | Became a worshipper of Kikubaaqudgha
  2493 | D:3      | Found an oddly glowing altar of Pakellas.
  2521 | D:3      | Reached skill level 6 in Necromancy
  2521 | D:3      | Reached XP level 5. HP: 19/35 MP: 5/8
  2950 | D:3      | Reached * piety under Kikubaaqudgha
  2950 | D:3      | Received a gift from Kikubaaqudgha
  2958 | D:3      | Identified Kikubaaqudgha's Collected Works on Necromancy (Kikubaaqudgha gifted it to you on level 3 of the Dungeon)
  3242 | D:3      | Found a white marble altar of Elyvilon.
  3248 | D:3      | Found a sparkling altar of Nemelex Xobeh.
  3251 | D:3      | Found a hide-covered altar of Uskayaw.
  3258 | D:3      | Reached XP level 6. HP: 34/41 MP: 4/9
  3301 | D:3      | Reached skill level 7 in Necromancy
  3849 | D:4      | Found Erumiewo's Food Shoppe.
  4066 | D:4      | Found a stormy altar of Qazlal.
  4168 | D:4      | Noticed an ogre
  4175 | D:4      | Killed an ogre
  4175 | D:4      | Reached XP level 7. HP: 42/46 MP: 6/12
  4265 | D:4      | Reached ** piety under Kikubaaqudgha
  4418 | D:4      | Reached skill level 5 in Spellcasting
  4485 | D:4      | Learned a level 4 spell: Control Undead
  4499 | D:5      | Entered Level 5 of the Dungeon
  4730 | D:5      | Found a stormy altar of Qazlal.
  4822 | D:5      | Reached XP level 8. HP: 49/52 MP: 11/15
  4910 | D:5      | Reached skill level 8 in Necromancy
  5045 | D:5      | Found an iron altar of Okawaru.
  5340 | D:6      | Reached skill level 9 in Necromancy
  5469 | D:6      | Killed from afar by an electric eel

Vault maps used:
D:1:      eino_arrival_cavern_e
D:2:      roderic_roman_lattice
D:3:      minmay_roachtagon, grunt_pakellas_salt, grunt_temple_overflow_diamond,
          serial_corexii_hall, corexii_hall_statues_u, corexii_hall_statues_s,
          corexii_hall_statues_x, corexii_hall_statues_l, tgw_kikubaaqudgha
D:4:      kennysheep_mini_moat, serial_shops, nicolae_shop_stone, first_bread
D:5:      okawaru_ov_weapons_minmay, hangedman_abyss_or_decor_stabs,
          nicolae_qazlal_general_emergency
D:6:      wad_lake_hut, elyvilon_altar_5

Skill      XL: |  1  2  3  4  5  6  7  8 |
---------------+-------------------------+-----
Necromancy     | 5 6 7 9 |  9.3
Spellcasting   | 3 5 |  5.0
Maces & Flails | |  0.2
Dodging        | |  2.0
Stealth        | |  2.0
Charms         | |  0.2

Action                   |  1- 3 |  4- 6 |  7- 9 || total
-------------------------+-------+-------+-------++-------
Melee: Whip              |     5 |       |       ||     5
       Dagger            |    27 |    58 |    33 ||   118
 Cast: Pain              |    52 |    93 |   102 ||   247
       Vampiric Draining |       |     1 |     3 ||     4
       Regeneration      |       |       |    12 ||    12
       Control Undead    |       |       |     2 ||     2
  Use: Scroll            |       |     8 |     4 ||    12
 Stab: Sleeping          |     1 |       |       ||     1
  Eat: Chunk             |     4 |     8 |     7 ||    19
Armor: Robe              |    11 |    21 |     8 ||    40
Dodge: Dodged            |    33 |    39 |    31 ||   103
Block: Buckler           |       |       |     1 ||     1
